Map: [ESL] Inside and Out

Players

Serral - Winner!

  • Race: Zerg Zerg
  • Spawn Location: 7:00

gumiho

  • Race: Terran Terran
  • Spawn Location: 1:00

Event: TSL 9

VOD

Have the link to the VOD?

Description

Time

  • Played on: Aug. 7, 2022, 6:52 a.m.
  • Length: 25:39

All games in this series

Show
View Real Time Build Order
Export as new Build Order

Serral Zerg - Winner!

Build Orders: Hatch First, Lurkers 

Get SALT Encoding   

  12  0:00  Drone  
  13  0:12  Overlord  
  13  0:17  Drone  
  14  0:30  Drone x2  
  16  0:48  Hatchery  
  15  0:51  Drone  
  15  0:55  Drone  
  17  0:58  Drone  
  18  1:09  Extractor  
  17  1:14  Spawning Pool  
  17  1:16  Drone  
  17  1:20  Drone  
  18  1:27  Drone  
  19  1:38  Drone  
  20  1:49  Drone  
  21  2:01  Queen x2  
  23  2:02  Zergling x4  
  27  2:10  Overlord  
  27  2:11  Drone  
  28  2:23  Hatchery  
  28  2:25  Drone  
  28  2:29  Drone  
  29  2:32  Drone  
  29  2:33  Drone  
  31  2:40  Queen  
  33  2:45  Overlord  
  33  2:48  Drone  
  33  2:53  Drone  
  33  2:55  Drone  
  35  3:00  Roach Warren  
  35  3:05  Drone x2  
  36  3:10  Drone x2  
  36  3:11  Drone x2  
  40  3:14  Drone  
  40  3:16  Drone  
  42  3:20  Overlord  
  42  3:24  Overlord  
  42  3:28  Overlord  
  42  3:37  Queen  
  44  3:44  Roach x4  
  44  3:48  Roach  
  54  3:49  Roach  
  54  3:53  Roach  
  54  3:55  Roach  
  60  3:57  Roach  
  60  4:00  Overlord  
  62  4:04  Queen  
  62  4:06  Drone  
  62  4:08  Drone  
  66  4:16  Overlord  
  66  4:21  Drone x7  
  73  4:26  Overlord  
  73  4:27  Drone  
  74  4:32  Overlord  
  74  4:36  Spore Crawler  
  73  4:39  Drone x2  
  73  4:45  Roach x3  
  78  4:50  Drone x2  
  77  4:54  Drone  
  77  4:55  Drone  
  72  5:00  Roach x2  
  72  5:04  Drone  
  72  5:05  Drone x2  
  73  5:07  Drone  
  73  5:11  Drone  
  60  5:15  Drone  
  60  5:19  Drone  
  55  5:22  Drone  
  55  5:25  Drone  
  55  5:28  Drone  
  52  5:34  Drone x2, Roach  
  54  5:37  Drone  
  55  5:43  Drone  
  55  5:44  Drone  
  58  5:50  Drone x3  
  58  5:52  Ravager  
  58  5:54  Drone x2  
  62  5:57  Lair  
  62  6:00  Drone  
  64  6:04  Drone  
  64  6:05  Drone x2  
  64  6:09  Extractor x2  
  64  6:13  Zergling x2  
  64  6:16  Drone x4  
  64  6:17  Queen  
  71  6:21  Drone x3  
  71  6:24  Queen  
  76  6:26  Drone x2  
  78  6:33  Drone x2, Overlord  
  78  6:34  Drone  
  78  6:36  Spore Crawler  
  78  6:37  Drone  
  81  6:40  Overlord  
  81  6:41  Drone  
  81  6:46  Drone, Extractor, Overlord  
  81  6:47  Drone  
  83  6:51  Overlord  
  83  6:52  Drone x2  
  84  6:56  Glial Reconstitution  
  84  6:57  Overseer  
  84  6:58  Drone x3  
  87  7:01  Extractor  
  87  7:02  Overlord  
  87  7:03  Extractor  
  87  7:05  Overseer  
  87  7:06  Drone x2  
  87  7:07  Drone  
  88  7:11  Overlord  
  88  7:12  Drone  
  89  7:20  Evolution Chamber  
  88  7:23  Overlord  
  88  7:24  Evolution Chamber  
  88  7:27  Drone x3  
  88  7:29  Drone  
  91  7:30  Drone  
  91  7:32  Hatchery  
  91  7:37  Overlord  
  91  7:39  Roach x2  
  91  7:40  Roach x2  
  99  7:47  Zerg Missile Weapons Level 1  
  99  7:49  Infestation Pit  
  99  7:50  Zerg Ground Armor Level 1  
  99  7:51  Roach x2  
  102  7:55  Overlord x2  
  102  7:58  Overlord  
  102  8:01  Roach x2  
  102  8:02  Roach  
  108  8:08  Roach x3  
  114  8:13  Drone x2  
  114  8:16  Drone x5  
  121  8:21  Drone x5  
  121  8:24  Metabolic Boost  
  126  8:28  Ravager x3  
  126  8:30  Roach x2  
  126  8:31  Hydralisk Den  
  126  8:32  Roach  
  126  8:34  Roach  
  136  8:38  Hive  
  136  8:40  Ravager  
  137  8:43  Roach x2, Ravager  
  137  8:44  Roach  
  144  8:56  Zergling x22  
  152  9:06  Ravager, Extractor  
  152  9:07  Roach x4, Extractor, Lurker Den  
  158  9:10  Overlord x2  
  158  9:12  Overlord  
  158  9:19  Overlord  
  158  9:27  Hydralisk  
  158  9:28  Hydralisk x5  
  170  9:31  Drone  
  170  9:34  Overlord  
  171  9:41  Zergling x4, Zerg Melee Weapons Level 1  
  171  9:42  Zergling x4  
  171  9:44  Zerg Ground Armor Level 2  
  175  9:49  Viper  
  178  10:04  Lurker x4  
  173  10:12  Seismic Spines  
  173  10:14  Hatchery  
  172  10:15  Lurker  
  172  10:21  Lurker  
  174  10:26  Grooved Spines, Drone x2  
  174  10:27  Drone x4  
  174  10:28  Drone  
  181  10:29  Spore Crawler  
  181  10:33  Drone x2  
  179  10:39  Adrenal Glands  
  179  10:40  Baneling Nest  
  173  10:44  Zergling x30  
  186  10:53  Hydralisk  
  186  10:54  Hydralisk x4  
  196  11:07  Viper  
  186  11:11  Adaptive Talons  
  169  11:19  Hydralisk  
  169  11:20  Hydralisk x3  
  177  11:27  Lurker  
  177  11:29  Lurker  
  177  11:30  Drone x4  
  177  11:32  Queen  
  185  11:33  Drone, Extractor  
  185  11:35  Lurker  
  185  11:36  Lurker  
  185  11:37  Zergling x26, Muscular Augments, Spore Crawler  
  185  11:38  Spore Crawler  
  185  11:39  Extractor  
  197  11:43  Drone  
  197  11:45  Lurker x2  
  199  11:54  Zergling x4  
  199  12:00  Drone  
  197  12:03  Drone  
  197  12:05  Zerg Melee Weapons Level 2, Zerg Ground Armor Level 3  
  198  12:10  Zergling x2  
  199  12:21  Centrifugal Hooks  
  196  12:25  Zergling x6  
  170  12:44  Zergling x18  
  175  12:52  Drone  
  174  12:58  Zergling x28  
  174  12:59  Overseer  
  184  13:11  Hydralisk x3  
  184  13:12  Hydralisk x2  
  185  13:21  Drone x5  
  190  13:28  Zergling x18  
  199  13:38  Hatchery  
  198  13:43  Baneling x12  
  198  13:44  Baneling  
  191  13:50  Zergling x2  
  191  13:51  Zergling x28  
  191  13:54  Baneling x11  
  197  14:06  Burrow  
  197  14:08  Pathogen Glands  
  197  14:09  Zergling x6  
  200  14:12  Baneling x3  
  200  14:13  Baneling x6  
  200  14:16  Pneumatized Carapace  
  197  14:17  Overseer  
  197  14:18  Overseer  
  197  14:19  Lurker  
  197  14:22  Zergling x4  
  197  14:23  Nydus Network  
  179  14:35  Zergling x2  
  179  14:36  Zergling x34  
  187  14:48  Overseer, Overlord  
  187  14:49  Zerg Missile Weapons Level 2  
  187  14:50  Zerg Melee Weapons Level 3  
  187  14:55  Baneling x4  
  187  14:59  Hatchery  
  186  15:05  Neural Parasite  
  186  15:06  Baneling  
  186  15:07  Baneling  
  186  15:10  Drone x4  
  186  15:11  Nydus Canal  
  186  15:12  Drone  
  188  15:14  Baneling x3  
  188  15:15  Baneling x6, Overseer  
  188  15:22  Hatchery  
  172  15:36  Zergling x54  
  192  15:48  Hydralisk x4  
  192  15:49  Zergling x14  
  180  15:55  Zergling x14  
  187  16:00  Baneling x13  
  187  16:03  Drone x3  
  189  16:11  Nydus Canal  
  189  16:13  Zergling x20  
  189  16:16  Baneling  
  189  16:17  Baneling x5  
  199  16:23  Spire  
  199  16:24  Drone  
  199  16:28  Nydus Canal  
  169  16:48  Infestor x4  
  169  16:53  Zergling x44  
  179  16:57  Infestor x2  
  179  16:58  Infestor x2  
  179  17:00  Drone x3  
  190  17:01  Zergling x6  
  190  17:03  Baneling x11  
  190  17:04  Zergling x10  
  190  17:08  Zergling x2  
  199  17:13  Baneling  
  199  17:14  Baneling x5  
  199  17:17  Zerg Missile Weapons Level 3  
  199  17:20  Overseer  
  199  17:21  Baneling x2  
  199  17:26  Spore Crawler, Drone  
  199  17:40  Spore Crawler  
  199  17:42  Drone  
  197  17:53  Zergling x2  
  197  17:54  Zergling x2  
  197  17:56  Spore Crawler, Baneling x4  
  197  17:57  Infestor  
  198  17:59  Drone  
  199  18:07  Greater Spire  
  191  18:37  Zergling x28  
  189  18:45  Zergling x32  
  196  18:50  Viper  
  199  19:00  Zergling x18  
  199  19:05  Nydus Canal  
  199  19:08  Overlord  
  199  19:18  Baneling x6  
  199  19:19  Baneling  
  199  19:22  Zergling x2  
  199  19:23  Zergling x4  
  200  19:27  Infestor  
  199  19:31  Zergling x2  
  199  19:34  Hatchery  
  196  19:39  Zergling x6  
  199  19:47  Baneling x6  
  199  19:50  Baneling x3  
  199  19:51  Baneling x3, Infestor  
  166  20:07  Zergling x2  
  166  20:08  Zergling x46  
  174  20:15  Zergling x2  
  174  20:18  Zergling x12  
  172  20:23  Zergling x16  
  174  20:33  Zergling x12, Infestor  
  161  20:37  Hydralisk  
  161  20:40  Hydralisk x3  
  161  20:42  Nydus Canal  
  155  20:46  Baneling x11  
  155  20:47  Baneling x5, Overseer  
  155  20:49  Hydralisk x2  
  148  20:50  Zergling x18  
  148  20:51  Queen x3  
  166  20:57  Zergling x10  
  166  21:03  Zergling x10  
  175  21:08  Baneling x14  
  175  21:09  Infestor x2  
  179  21:13  Hydralisk x4  
  179  21:18  Viper  
  190  21:20  Zergling x2  
  190  21:21  Zergling x16  
  199  21:30  Baneling x4  
  199  21:31  Overseer x3  
  199  21:32  Overlord  
  185  22:00  Zergling x30  
  185  22:01  Zergling x32  
  194  22:17  Spore Crawler  
  194  22:18  Zergling x14, Spore Crawler, Spine Crawler  
  194  22:19  Spine Crawler  
  194  22:20  Spine Crawler  
  196  22:36  Zergling x6, Infestor x2  
  199  22:37  Zergling x4  
  199  22:40  Baneling x12  
  199  22:50  Infestor x2  
  199  22:54  Baneling x8  
  199  22:58  Extractor  
  199  22:59  Extractor  
  199  23:01  Zergling x4  
  197  23:15  Zergling x10  
  171  23:24  Zergling x2  
  171  23:25  Zergling x62  
  171  23:28  Zergling x22  
  171  23:29  Zergling x2  
  170  23:39  Zergling x14  
  176  23:42  Infestor x4  
  176  23:43  Baneling  
  176  23:44  Baneling x9  
  176  23:46  Zergling x2  
  185  23:55  Zergling x16  
  180  23:59  Zergling x2  
  180  24:00  Zergling x2  
  161  24:02  Zergling x2  
  161  24:03  Zergling x2  
  148  24:10  Zergling x36  
  148  24:13  Zergling x8  
  148  24:15  Baneling x4  
  148  24:16  Baneling x3  
  163  24:18  Hydralisk  
  163  24:20  Hydralisk x2  
  161  24:25  Infestor  
  161  24:27  Zergling x6  
  161  24:30  Overlord x2  
  160  24:31  Zergling x6  
  160  24:34  Baneling x9  
  161  24:38  Zergling x14  
  161  24:39  Zergling x24  
  161  24:43  Baneling x17  
  161  24:44  Zergling x10  
  185  24:51  Zergling x8  
  177  25:04  Zergling x22  
  177  25:06  Zergling x14  
  173  25:09  Zergling x24  
Show
View Real Time Build Order
Export as new Build Order

gumiho Terran 

Build Orders: Hellion Banshee 

Get SALT Encoding   

  12  0:00  SCV  
  13  0:12  SCV  
  14  0:17  Supply Depot  
  14  0:24  SCV  
  15  0:38  SCV  
  15  0:39  Barracks  
  15  0:42  Refinery  
  16  0:51  SCV  
  17  1:03  SCV  
  18  1:15  SCV  
  19  1:26  Barracks Reactor  
  19  1:27  Orbital Command  
  19  1:38  Command Center  
  19  1:50  Supply Depot  
  19  1:53  SCV  
  20  2:02  Marine x2  
  20  2:05  SCV  
  23  2:12  Factory  
  23  2:17  SCV  
  23  2:19  Marine x2  
  23  2:21  Refinery  
  26  2:29  SCV  
  27  2:37  Marine x2  
  27  2:42  SCV  
  30  2:51  Orbital Command  
  30  2:54  SCV  
  31  2:58  Starport  
  31  3:05  Hellion x2  
  35  3:06  SCV  
  35  3:09  Supply Depot  
  36  3:17  SCV  
  36  3:19  SCV  
  38  3:26  Hellion x2  
  42  3:30  SCV  
  42  3:31  SCV  
  42  3:32  Supply Depot  
  44  3:35  Medivac  
  44  3:41  Armory  
  46  3:49  Hellion x2  
  46  3:50  SCV  
  46  3:55  Supply Depot  
  51  4:01  Barracks Tech Lab  
  51  4:02  SCV x2  
  53  4:07  Starport Tech Lab  
  53  4:15  SCV x2  
  59  4:18  Supply Depot  
  55  4:27  Marine x2  
  55  4:28  Supply Depot, Siege Tank  
  55  4:30  Banshee  
  63  4:31  SCV x2  
  65  4:43  SCV x2  
  65  4:45  Supply Depot, Marine x2  
  67  4:46  Supply Depot  
  61  4:55  SCV  
  61  4:56  SCV  
  54  5:00  Siege Tank  
  51  5:08  SCV x2  
  51  5:11  Marine x2  
  49  5:20  SCV x2  
  51  5:31  Raven  
  51  5:32  SCV x2  
  55  5:38  Siege Tank  
  58  5:44  SCV x2  
  58  5:45  Marine  
  58  5:46  Marine  
  56  5:56  SCV x2  
  56  6:03  Marine x2  
  58  6:08  SCV x2  
  58  6:11  Supply Depot, Command Center  
  60  6:20  SCV x2  
  62  6:31  Factory Reactor  
  62  6:32  SCV x2, Starport Reactor  
  64  6:34  Engineering Bay, Stimpack  
  64  6:38  Engineering Bay  
  65  6:44  SCV x2  
  66  6:48  Barracks  
  66  6:55  Barracks  
  66  6:56  SCV  
  66  6:57  SCV  
  68  7:01  Marine  
  68  7:06  Refinery x2, Terran Infantry Armor Level 1, Terran Infantry Weapons Level 1  
  69  7:09  SCV x2, Barracks x2  
  71  7:21  SCV x2  
  73  7:24  Marine  
  73  7:25  Siege Tank  
  77  7:33  SCV x2, Orbital Command  
  79  7:39  Marine x2  
  79  7:42  Marine  
  82  7:44  Medivac x2  
  82  7:48  SCV x2  
  82  7:49  Marine  
  82  7:50  Marine  
  90  7:57  Supply Depot, Refinery, Marine x2  
  92  7:59  Supply Depot  
  92  8:00  Barracks Reactor x2, Marine  
  93  8:07  Siege Tank, Marine x2  
  93  8:10  SCV x2  
  100  8:15  SCV, Marine x2  
  100  8:17  Combat Shield  
  100  8:18  Marine  
  104  8:22  SCV  
  104  8:25  Marine x2  
  107  8:30  Supply Depot, SCV x2  
  107  8:32  Supply Depot  
  107  8:33  Marine x2  
  111  8:34  SCV  
  111  8:36  Marine  
  111  8:39  Marine x4  
  117  8:43  Marine x2  
  117  8:44  Siege Tank  
  122  8:48  Supply Depot  
  122  8:49  Supply Depot  
  122  8:51  Marine x2  
  122  8:53  Marine  
  123  8:57  Marine x4  
  123  9:01  Marine x2  
  126  9:04  Terran Infantry Armor Level 2, Terran Infantry Weapons Level 2  
  126  9:07  SCV x3  
  126  9:08  Marine  
  126  9:09  Marine  
  131  9:12  Marauder  
  131  9:13  Supply Depot  
  131  9:14  Supply Depot, Refinery  
  131  9:16  Supply Depot  
  133  9:22  Marine x3  
  133  9:23  Marine x3  
  137  9:25  Siege Tank  
  137  9:26  Marine  
  137  9:29  Medivac x2  
  145  9:32  Sensor Tower  
  145  9:33  Marauder  
  147  9:40  Command Center  
  147  9:45  Factory  
  147  9:47  Marine x5  
  147  9:49  Marine x2  
  147  9:51  Supply Depot  
  154  9:53  Terran Vehicle Weapons Level 1  
  154  9:54  Marine  
  154  9:55  Marine  
  156  10:00  Siege Tank  
  156  10:11  Marine x5  
  156  10:12  Marine x2  
  156  10:13  Marauder  
  162  10:16  Medivac  
  162  10:19  Medivac  
  166  10:21  Marine  
  167  10:29  Marine x2  
  167  10:32  Marine x2  
  167  10:34  Marauder  
  173  10:46  Siege Tank  
  170  10:51  Barracks  
  170  10:52  Barracks  
  170  10:54  Barracks  
  170  10:56  Marauder  
  172  11:06  Factory Tech Lab  
  161  11:17  Marauder  
  146  11:20  Siege Tank  
  146  11:21  Medivac x2  
  146  11:22  Terran Infantry Weapons Level 3, Terran Infantry Armor Level 3  
  146  11:25  Siege Tank  
  154  11:27  Marine x2  
  154  11:28  Marine x3  
  154  11:29  Marine  
  154  11:32  Planetary Fortress  
  160  11:35  SCV x3  
  163  11:43  Ghost Academy  
  163  11:47  Barracks Tech Lab x3  
  160  12:12  Ghost x4  
  168  12:23  Missile Turret x2  
  147  12:39  Siege Tank x2  
  147  12:41  Ghost  
  147  12:43  Ghost  
  156  12:48  Refinery  
  156  12:51  Refinery  
  156  12:56  Marauder, Marine x2  
  160  12:58  Marine  
  160  12:59  Marine  
  160  13:03  Ghost  
  161  13:09  Ghost  
  161  13:11  Marine x2, Ghost  
  167  13:16  Command Center  
  167  13:17  SCV x3  
  167  13:19  SCV  
  171  13:28  Sensor Tower  
  171  13:29  SCV  
  171  13:31  Sensor Tower, Siege Tank  
  175  13:36  SCV x2  
  175  13:39  Ghost  
  169  13:41  SCV  
  169  13:42  Ghost  
  172  13:52  SCV x2  
  172  13:54  SCV  
  175  13:59  Supply Depot  
  175  14:01  Ghost  
  177  14:04  SCV x2, Missile Turret  
  177  14:06  SCV  
  177  14:08  Missile Turret  
  180  14:13  Personal Cloaking  
  180  14:14  Viking  
  180  14:16  Viking  
  169  14:35  Ghost x2  
  169  14:36  SCV x3  
  169  14:37  Marine  
  176  14:38  Marine x2  
  176  14:43  Orbital Command  
  178  14:50  Terran Vehicle Weapons Level 2  
  178  14:53  Liberator x2  
  180  15:04  Ghost x2  
  184  15:15  Siege Tank  
  184  15:16  Siege Tank  
  190  15:24  Factory  
  190  15:25  Ghost x2  
  190  15:27  Barracks Tech Lab  
  194  15:31  Orbital Command  
  189  15:36  Marauder x2  
  189  15:38  Liberator x2  
  199  15:48  Marauder  
  184  15:54  Marauder  
  186  16:05  Command Center  
  186  16:08  Missile Turret  
  186  16:17  Hellion  
  186  16:18  Hellion x3  
  194  16:23  Infernal Pre-Igniter  
  194  16:37  Concussive Shells  
  173  17:01  Nuke  
  173  17:02  Supply Depot  
  173  17:04  Supply Depot x2  
  173  17:06  Terran Vehicle And Ship Armor Level 1  
  173  17:12  Hi-Sec Auto Tracking, Neosteel Armor  
  173  17:15  Command Center  
  173  17:16  Liberator x2  
  179  17:23  Siege Tank  
  182  17:31  Sensor Tower  
  182  17:33  Siege Tank  
  185  17:44  Enhanced Shockwaves  
  185  17:45  Orbital Command  
  185  17:56  Siege Tank  
  188  18:00  Medivac  
  188  18:01  Medivac  
  192  18:06  Siege Tank  
  194  18:20  Ghost x2  
  194  18:21  Marauder  
  186  18:45  Missile Turret x2  
  186  18:46  Missile Turret  
  186  18:47  Ghost  
  168  18:48  Ghost  
  168  18:49  Marauder  
  168  18:51  Orbital Command  
  168  18:54  Orbital Command  
  166  18:56  Orbital Command  
  166  19:06  Orbital Command  
  166  19:10  Hellion, Marine  
  166  19:16  Marine  
  169  19:18  Marauder  
  169  19:22  Siege Tank  
  169  19:23  Hellion  
  174  19:34  Hellion, Siege Tank  
  179  19:41  Marine x2  
  179  19:43  Missile Turret  
  179  19:44  Missile Turret  
  181  19:48  Marine x2  
  181  19:49  Marauder  
  185  19:59  Marauder  
  158  20:10  Hellion, Siege Tank x2  
  158  20:11  Hellion  
  158  20:12  Marauder  
  158  20:13  Marauder  
  160  20:14  Marauder  
  160  20:16  Marine x2  
  160  20:20  Marauder, Marine  
  162  20:25  Orbital Command  
  159  20:32  Hellion x2  
  159  20:34  Marauder x2  
  159  20:35  Marauder, Marine x3  
  159  20:42  Hellion, Marauder, Marine x2  
  163  20:55  Marine x2  
  163  20:56  Marauder x2  
  163  20:57  Marauder  
  171  21:03  Marauder, Orbital Command  
  173  21:10  Missile Turret  
  173  21:27  Sensor Tower, Ghost  
  175  21:33  Missile Turret  
  175  21:41  Orbital Command, Ghost  
  175  21:44  Orbital Command  
  169  21:59  Ghost x2  
  145  22:06  Orbital Command  
  142  22:12  Siege Tank  
  142  22:15  Orbital Command  
  145  22:20  Missile Turret  
  145  22:22  Medivac x2  
  149  22:25  Hellion  
  151  22:32  SCV  
  151  22:33  Missile Turret  
  151  22:34  SCV x2  
  153  22:44  SCV  
  153  22:48  Siege Tank  
  153  22:49  Hellion x2, Refinery  
  153  22:50  Refinery  
  161  22:52  Ghost  
  163  22:59  Ghost x2  
  155  23:23  Ghost  
  155  23:24  Marine  
  155  23:25  Hellion, Marauder x2, Marine  
  155  23:26  Hellion x2  
  132  23:35  SCV  
  132  23:36  SCV x3  
  136  23:47  Hellion x3  
  142  23:52  Orbital Command  
  142  23:54  Marine  
  135  24:00  Marauder  
  117  24:03  Marauder x2  
  117  24:08  Hellion x3  
  120  24:13  SCV  
  118  24:26  SCV x2  
  118  24:27  SCV x2  
  118  24:28  Ghost  
  118  24:30  Hellion x3  
  125  24:50  Missile Turret, Marauder  
  125  24:51  Hellion x2, Siege Tank  
  134  24:56  Marauder x2  
  92  25:09  SCV  
  92  25:10  SCV x3  
  61  25:12  Hellion  
Tags
 
Add a new tag
Caveats
  • Supply blocks, unpowered buildings, or Contaminate may cause inaccurate times.
  • Supply counts are checked every 10 seconds.